 Dungeon Crawl Stone Soup version 0.29-a0-1006-g0dd7720b37 (webtiles) character file.

Game seed: 17400082140772652002

870 xian the Trooper (level 7, -3/61 HPs)
             Began as a Purple Draconian Fighter on Aug 6, 2022.
             Slain by Maggie
             ... wielding a +1 glaive of pain
              (13 damage)
             ... on level 6 of the Dungeon.
             The game lasted 00:12:19 (5045 turns).

xian the Trooper (Purple Draconian Fighter)         Turns: 5045, Time: 00:12:20

Health: -3/61      AC:  6    Str: 20    XL:     7   Next: 73%
Magic:  7/7        EV: 13    Int:  8    God:
Gold:   312        SH:  5    Dex: 11    Spells: 6/6 levels left

rFire   . . .      SeeInvis .   c - +1 dagger (venom)
rCold   . . .      Faith    .   b - +0 buckler
rNeg    + . .      Spirit   .   (body armour unavailable)
rPois   .          Reflect  .   (helmet restricted)
rElec   .          Harm     .   (no cloak)
rCorr   .          Rampage  .   (no gloves)
Will    +....                   (no boots)
Stlth   ++........              (no amulet)
HPRegen 0.20/turn               f - ring of positive energy
MPRegen 0.10/turn               (no ring)

@: short of breath, mesmerised
A: breathe power, AC +6, unfitting armour, cold-blooded
a: Breathe Dispelling Energy


You were on level 6 of the Dungeon.
You visited 1 branch of the dungeon, and saw 6 of its levels.

You collected 312 gold pieces.

Inventory:

Hand Weapons
 a - a +0 long sword
 c - a +1 dagger of venom (weapon)
Missiles
 h - 2 poisoned darts (quivered)
Armour
 b - a +0 buckler (worn)
Jewellery
 f - a ring of positive energy (left hand)
Scrolls
 d - a scroll of enchant armour {unknown}
 g - 2 scrolls of magic mapping
 i - a scroll of fog {unknown}
 k - a scroll of poison
 l - a scroll of amnesia
 o - a scroll of teleportation
Potions
 e - 3 potions of attraction
 j - a potion of lignification
 m - a potion of heal wounds {unknown}
 n - a potion of invisibility


   Skills:
 + Level 5.2 Fighting
 + Level 1.9(3.5) Short Blades
 + Level 4.5(4.8) Long Blades
 + Level 0.6 Throwing
 + Level 4.8 Dodging
 + Level 2.7 Stealth
 + Level 4.4 Shields


You had 6 spell levels left.
You didn't know any spells.
Your spell library contained the following spells:

 Spells                   Type           Power      Damage    Failure   Level
 Ensorcelled Hibernation  Hex/Ice        0%         N/A       63%         2
 Passwall                 Tmut/Erth      0%         N/A       63%         2
 Swiftness                Air            0%         N/A       86%         3


Dungeon Overview and Level Annotations

Branches:
Dungeon (6/15)             Temple (0/1) D:6

Altars:
Vehumet

Annotations:
D:2 1 runed translucent door, Crazy Yiuf
D:4 Grinder, Pikel
D:6 Maggie


Innate Abilities, Weirdness & Mutations

You can breathe bolts of dispelling energy.
Your rich purple scales are hard. (AC +6)
You cannot fit into any form of body armour.
You are cold-blooded and may be slowed by cold attacks.


Message History

Maggie hits you from afar with a +1 glaive of pain!
Aiming: Breathe Dispelling Energy (5% risk of failure)
Press: ? - help, Shift-Dir - straight line, f/p - Maggie
Aim: Maggie, wielding a +1 glaive of pain and wearing +0 swamp dragon scales (mesmerising, 59% to hit)
You breathe a bolt of dispelling energy.
The bolt of dispelling energy hits Maggie.
Maggie is lightly wounded.
The bolt of dispelling energy misses the iguana.
Maggie points at you and mumbles some strange words.
The bolt of fire misses you.
Okay, then.
Maggie closely misses you.
You hit Maggie but do no damage.
Maggie is poisoned.
Maggie is lightly wounded.
Maggie hits you with a +1 glaive of pain!!
* * * LOW HITPOINT WARNING * * *
You writhe in agony.
* * * LOW HITPOINT WARNING * * *
You hit Maggie.
Maggie looks as sick as possible!
Maggie is lightly wounded.
You hit Maggie but do no damage.
Maggie looks as sick as possible!
Your tail-slap misses Maggie.
Maggie is moderately wounded.
You block Maggie's attack.
You cannot move away from Maggie!
Unknown command.
You barely miss Maggie.
Maggie is moderately wounded.
Maggie barely misses you.
You hit Maggie but do no damage.
Maggie looks as sick as possible!
Maggie is moderately wounded.
Maggie closely misses you.
You barely miss Maggie.
Maggie is moderately wounded.
Maggie hits you with a +1 glaive of pain!
* * * LOW HITPOINT WARNING * * *
You hit Maggie but do no damage.
Maggie is moderately wounded.
Maggie hits you with a +1 glaive of pain!
You die...

*,,,,****,,,,,,,*****,*
+,,,,+,**,......*****,*
*,,,,*,***,.....**,**,**
,,,,,*,* *,,....**,,,,,*
,*****,***,,,...##,*****
,*****,,,,,,,,..(.,*
,,,,,,,,,,,,,,,.l#**
,,,,,,,,,,,,,,,#@#
,,,,,,,,,,,,,,,#@#
*********,,,,,,#.# **
*,,,,,,#.# ,* *,,,,,,#.#
,****** *******#.#
,,,,,,* #.# ,****,* #.#
** *,* #<# ,* *,* ###


You could see Maggie (mesmerising, extremely poisoned) and an iguana.

Vanquished Creatures
  A water moccasin (D:5)
  A kobold brigand (D:4)
  A phantom (D:5)
  2 scorpions
  A howler monkey (D:5)
  2 hounds
  A jelly (D:5)
  Jessica (D:3)
  Terence (D:2)
  An iguana (D:5)
  Natasha (thrice) (D:3)
  10 gnolls
  5 adders
  A white imp (D:5)
  An ufetubus (D:5)
  A worm (D:3)
  2 dart slugs (D:2)
  7 orcs
  7 ball pythons
  5 endoplasms
  2 giant cockroaches
  7 goblins
  8 hobgoblins
  2 kobolds
  4 quokkas
  7 bats
  2 frilled lizards (D:1)
  5 rats
91 creatures vanquished.

Vanquished Creatures (others)
  3 plants (D:3)
3 creatures vanquished.

Grand Total: 94 creatures vanquished

Notes
Turn   | Place    | Note
-------+----------+-------------------------------------------
     0 | D:1      | xian the Draconian Fighter began the quest for the Orb.
     0 | D:1      | Reached XP level 1. HP: 19/19 MP: 1/1
   350 | D:1      | Reached XP level 2. HP: 22/24 MP: 2/2
   503 | D:1      | Found a faded altar of an unknown god.
  1023 | D:2      | Reached XP level 3. HP: 21/31 MP: 3/3
  1591 | D:2      | Noticed Terence
  1597 | D:2      | Killed Terence
  1598 | D:2      | Reached XP level 4. HP: 29/40 MP: 4/4
  1599 | D:2      | Reached skill level 1 in Stealth
  1719 | D:2      | Found a runed translucent door.
  1720 | D:2      | Noticed Crazy Yiuf
  2021 | D:3      | Noticed Natasha
  2030 | D:3      | Killed Natasha
  2078 | D:3      | Noticed Jessica
  2093 | D:3      | Killed Jessica
  2094 | D:3      | Reached skill level 4 in Fighting
  2094 | D:3      | Reached XP level 5. HP: 33/46 MP: 5/5
  2349 | D:3      | Found a radiant altar of Vehumet.
  2890 | D:3      | Noticed Natasha
  2905 | D:3      | Killed Natasha
  2916 | D:3      | Noticed Natasha
  2923 | D:3      | Killed Natasha
  2924 | D:3      | Reached XP level 6. HP: 22/52 MP: 6/6
  3769 | D:4      | Noticed Grinder
  3784 | D:4      | Paralysed by Grinder for 3 turns
  3848 | D:4      | Reached skill level 1 in Short Blades
  3905 | D:4      | Noticed Pikel
  3935 | D:5      | Entered Level 5 of the Dungeon
  3959 | D:5      | Your scales start taking on a rich purple colour.
  3959 | D:5      | Reached XP level 7. HP: 13/60 MP: 7/7
  4353 | D:5      | Reached skill level 5 in Fighting
  5027 | D:6      | Noticed Maggie
  5045 | D:6      | Slain by Maggie

Illustrated notes

Levels and vault maps discovered:
D:1:      sevenhm_arrival_forest_fort_small_5, layout_basic,
          ebering_ecumenical_altar_abandoned, kennysheep_doodads
D:2:      layout_rooms, minmay_tetromino_s2, uniq_crazy_yiuf_cottage,
          uniq_terence
D:3:      layout_rooms, vehumet_crystals, corexii_shack,
          hangedman_decor_growths, dreamdust_wishing_well, uniq_natasha,
          uniq_jessica
D:4:      layout_loops_cross, hex_tiny, uniq_blork_the_orc, uniq_grinder,
          uniq_pikel
D:5:      layout_rooms
D:6:      layout_basic, minmay_temple_entry_wispy, portal_sewer_entry_d,
          uniq_menkaure, uniq_maggie, uniq_prince_ribbit1

Skill      XL: |  1  2  3  4  5  6  7 |
---------------+----------------------+-----
Dodging        | 3 4 |  4.8
Long Blades    | 3 4 |  4.5
Stealth        | 1 2 |  2.7
Fighting       | 4 5 |  5.2
Short Blades   | 1 |  1.9
Shields        | 4 |  4.4
Throwing       | |  0.6

Action                   |  1- 3 |  4- 6 |  7- 9 || total
-------------------------+-------+-------+-------++-------
Melee: Long sword        |   111 |    49 |       ||   160
       Tailslap          |     7 |    29 |    10 ||    46
       Dagger            |       |   127 |    71 ||   198
Throw: Dart              |       |       |    14 ||    14
 Abil: Breathe Dispellin |       |       |     6 ||     6
  Use: Scroll            |     4 |     2 |     1 ||     7
       Potion            |     1 |     3 |       ||     4
 Stab: Sleeping          |     2 |     2 |     1 ||     5
Armor: Skin              |    39 |    48 |    11 ||    98
Dodge: Dodged            |    84 |    99 |    36 ||   219
Block: Buckler           |    32 |    42 |    16 ||    90

Table legend: (Time is in decaauts)
 A = Elapsed time spent in this place.
 B = Non-inter-level travel time spent in this place.
 C = Inter-level travel time spent in this place.
 D = Time resting spent in this place.
 E = Time spent auto-exploring this place.
 F = Levels seen in this place.
 G = Mean time per level.
                   A        B        C        D        E       F      G
               +--------+--------+--------+--------+--------+-----+--------+
         Total |   5075 |   4941 |    134 |    241 |   3574 |   6 |  845.8 |
       Dungeon |   5075 |   4941 |    134 |    241 |   3574 |   6 |  845.8 |
               +--------+--------+--------+--------+--------+-----+--------+

Top non-repeatable levels by time:
     D:3: 1633 daAuts
     D:5: 1076 daAuts
     D:1: 1000 daAuts
     D:2: 935 daAuts
     D:4: 407 daAuts
     D:6: 21 daAuts
